 Dungeon Crawl Stone Soup version 0.29.1-4-g47bece8355 (webtiles) character file.

Game seed: 427006587297173380

100 KittyFluff the Trooper (level 4, -7/43 HPs)
             Began as a Gargoyle Berserker on Dec 7, 2022.
             Was a Believer of Trog.
             Mangled by a gnoll
             ... wielding a +0 halberd
              (14 damage)
             ... on level 3 of the Dungeon.
             The game lasted 00:06:46 (1853 turns).

KittyFluff the Trooper (Gargoyle Berserker)         Turns: 1853, Time: 00:06:49

Health: -7/43      AC:  5    Str: 27    XL:     4   Next: 73%
Magic:  0/4        EV: 12    Int:  7    God:    Trog [**....]
Gold:   110        SH:  0    Dex: 11    Spells: 3/3 levels left

rFire   . . .      SeeInvis .   a - +0 mace
rCold   + . .      Faith    .   (no shield)
rNeg    + . .      Spirit   .   b - +0 animal skin
rPois   ∞          Reflect  .   (no helmet)
rElec   +          Harm     .   (no cloak)
rCorr   .          Rampage  .   (no gloves)
Will    .....                   (no boots)
Stlth   ..........              (no amulet)
HPRegen 0.14/turn               h - ring of protection from cold
MPRegen 0.09/turn               k - +6 ring of strength

@: berserking, very quick
A: sickness immunity, AC +3, negative energy resistance 1, electricity
resistance, torment resistance 1, petrification resistance
a: Renounce Religion, Berserk, Trog's Hand


You were on level 3 of the Dungeon.
You worshipped Trog.
Trog was pleased with you.
You visited 1 branch of the dungeon, and saw 3 of its levels.

You collected 110 gold pieces.

Inventory:

Hand Weapons
 a - a +0 mace (weapon)
 m - a +0 sling
 r - a +0 quarterstaff
Missiles
 d - 21 stones (quivered)
 l - 6 silver javelins
Armour
 b - a +0 animal skin (worn)
 g - a +0 robe
 i - a +0 leather armour
Jewellery
 h - a ring of protection from cold (left hand)
 k - a +6 ring of strength (right hand)
Wands
 o - a wand of acid (3)
Scrolls
 c - a scroll of poison {unknown}
 e - 2 scrolls of teleportation
 j - a scroll of magic mapping {unknown}
 p - a scroll of blinking {unknown}
Potions
 f - a potion of degeneration {unknown}
 n - a potion of heal wounds {unknown}
 q - a potion of lignification {unknown}


   Skills:
 + Level 4.1 Fighting
 + Level 4.0 Maces & Flails
 * Level 2.9 Armour
 + Level 2.0 Dodging
 + Level 0.2 Stealth


You had 3 spell levels left.
You didn't know any spells.
Your spell library was empty.

Dungeon Overview and Level Annotations

Branches:
Dungeon (3/15)

Altars:


Innate Abilities, Weirdness & Mutations

You are immune to sickness and miasma.
Your stone body is resilient. (AC +3)
You are immune to poison.
You resist negative energy. (rN+)
You are resistant to electric shocks. (rElec)
You are resistant to unholy torment.
You are immune to petrification.


Message History

The frilled lizard closely misses you.
You barely miss the frilled lizard. The frilled lizard barely misses you.
You barely miss the frilled lizard.
The frilled lizard bites you but does no damage.
The frilled lizard barely misses you.
You hit the frilled lizard.
You kill the frilled lizard!
Trog accepts your kill.
You see here a frilled lizard corpse.
You now have 110 gold pieces (gained 10).
q - a glowing inky potion
Found a quarterstaff.
You see here a +0 quarterstaff.
r - a +0 quarterstaff
Found a yellow potion.
Found a stone staircase leading down.
A gnoll comes into view. It is wielding a +2 antimagic spear.
Found a black potion.
The gnoll shouts!
A gnoll comes into view. It is wielding a +0 halberd.
The jackal barks!
You hear a shout!
The gnoll shouts!
A gnoll comes into view. It is wielding a +0 halberd.
The gnoll shouts!
The gnoll hits you from afar with a +2 antimagic spear!
You feel your power leaking away. The gnoll misses you.
The gnoll closely misses you.
The gnoll hits you with a +2 antimagic spear.
The gnoll hits you with a +0 halberd!
* * * LOW HITPOINT WARNING * * *
You hit the gnoll but do no damage. The gnoll completely misses you.
The gnoll barely misses you.
A red film seems to cover your vision as you go berserk!
You feel yourself moving faster!
You feel mighty!
The gnoll hits you with a +2 antimagic spear.
* * * LOW HITPOINT WARNING * * *
The gnoll misses you.
The gnoll hits you from afar with a +0 halberd!
You die...

########### ###### #
..........# #....#.#
..........###.##.#.#
.......#...##.##@#!###.#
.....##..#.##.##ggg....#
....#.#.......##..#.##.#
.:##.#...###..##....#
.#.##....###.....!...g..
#.#.#..................#
##.#.....#####.###.###.#
.##......#####.# ># #
...............# .#


You could see 3 gnolls.

Vanquished Creatures
  An orc wizard (D:3)
  2 adders (D:2)
  A worm (D:2)
  2 orcs (D:3)
  7 ball pythons
  4 endoplasms
  A giant cockroach (D:1)
  6 goblins
  3 hobgoblins
  5 jackals
  3 kobolds
  A quokka (D:1)
  4 bats
  4 frilled lizards
  6 rats
50 creatures vanquished.

Notes
Turn   | Place    | Note
-------+----------+-------------------------------------------
     0 | D:1      | KittyFluff the Gargoyle Berserker began the quest for the
                  | Orb.
     0 | D:1      | Reached XP level 1. HP: 14/14 MP: 1/1
    76 | D:1      | Reached XP level 2. HP: 12/19 MP: 2/2
   335 | D:1      | Found a faded altar of an unknown god.
   710 | D:1      | Reached XP level 3. HP: 19/24 MP: 3/3
  1078 | D:2      | Reached ** piety under Trog
  1383 | D:2      | Reached XP level 4. HP: 18/29 MP: 4/4
  1853 | D:3      | Mangled by a gnoll

Illustrated notes

Levels and vault maps discovered:
D:1:      minmay_arrival_jagged, layout_rooms,
          hellmonk_ecumenical_altar_pennies_from_heaven, hex_tiny,
          grunt_decor_resistance
D:2:      layout_basic
D:3:      layout_loops_ring, old_standard_altar, minmay_misc_feat_secret_circle,
          kennysheep_minor_cross

Skill      XL: |  1  2  3  4 |
---------------+-------------+-----
Fighting       | 4 |  4.1
Maces & Flails | 4 |  4.0
Dodging        | 2 |  2.0
Armour         | |  2.9
Stealth        | |  0.2

Action                   |  1- 3 |  4- 6 || total
-------------------------+-------+-------++-------
Melee: Mace              |   106 |    32 ||   138
       Punch             |     2 |       ||     2
Invok: Berserk           |       |     1 ||     1
  Use: Scroll            |       |     1 ||     1
Armor: Animal skin       |    37 |    10 ||    47
Dodge: Dodged            |    72 |    23 ||    95
